 Dungeon Crawl Stone Soup version bcrawl-1.31 (webtiles) character file.

Game seed: 10496762845629565903

145913 Morbidden the Sneak (level 5, -1/53 HPs)
             Began as an Ent Archaeologist on Apr 3, 2021.
             Killed by divine providence
             ... invoked by an orc priest
              (12 damage)
             ... on level 3 of the Dungeon.
             The game lasted 00:03:59 (2495 turns).

Morbidden the Sneak (Ent Archaeologist)             Turns: 2495, Time: 00:04:00

Health: -1/53      AC: 13    Str: 19    XL:     5   Next: 19%
Magic:  5/5        EV: 10    Int: 15    God:
Gold:   1401       SH:  0    Dex:  8    Spells: 4/4 levels left

rFire    . . .     SeeInvis .   o - +0 quarterstaff
rCold    . . .     Gourm    .   (no shield)
rNeg     + + +     Faith    .   (armour unavailable)
rPois    +         Spirit   .   c - +1 hat
rElec    .         Reflect  .   (no cloak)
rCorr    .         Harm     .   (gloves unavailable)
MR       .....                  (boots unavailable)
Stlth    ++........             (no amulet)
HPRegen  0.17/turn              (no ring)
MPRegen  0.09/turn              (no ring)

@: very slow
A: large, slow actions, passwall, strong branches, negative energy resistance 3,
poison resistance, slow metabolism 1, torment resistance, unbreathing, AC +12
a: Passwall


You were on level 3 of the Dungeon.
You were not hungry.

You visited 1 branch of the dungeon, and saw 3 of its levels.

You collected 1401 gold pieces.

Inventory:

Hand Weapons
 a - a +0 dagger
 b - a +0 blowgun
 o - a +0 quarterstaff (weapon)
Missiles
 d - 6 curare-tipped needles
 h - 561 sling bullets
 m - 277 bolts
 q - 55 large rocks (quivered)
 u - 128 arrows
Armour
 c - a +1 hat (worn)
 w - a cursed -2 cloak
Jewellery
 v - a +4 ring of evasion {unknown}
Scrolls
 g - 2 scrolls of magic mapping
 i - 3 scrolls of identify
 j - a scroll of fear {unknown}
 l - a scroll of immolation {unknown}
 n - a scroll of remove curse {unknown}
 p - a scroll of fog {unknown}
Potions
 f - a potion of degeneration {unknown}
 k - a potion of haste {unknown}
 r - a potion of brilliance {unknown}
 s - 2 potions of ambrosia {unknown}
 t - a potion of might
Comestibles
 e - 4 rations {!d}
 x - a chunk of flesh


   Skills:
 + Level 1.9 Fighting
 + Level 1.6 Short Blades
   Level 1.4 Maces & Flails
 + Level 0.1(0.6) Staves
 + Level 4.1 Dodging
 + Level 4.6 Stealth


You had 4 spell levels left.
You didn't know any spells.
Your spell library was empty.

Dungeon Overview and Level Annotations

Branches:
Dungeon (3/12)

Altars:
Uskayaw


Innate Abilities, Weirdness & Mutations

You move and act slowly.
You can pass through walls and trees.
Your branches can wield two-handed weapons with a shield.
Your thick bark is tough. (AC +12)
You are too large for most types of armour.
You are immune to negative energy. (rN+++)
Your system is resistant to poisons. (rPois)
You have a slow metabolism.
You are immune to unholy pain and torment.
You can survive without breathing.


Message History

Beogh smites you! The orc priest closely misses you.
An orc comes into view. It is wielding a -2 flail.
You hit the orc priest.
The orc priest is almost dead.
The orc misses you.
The orc priest hits you with a +0 trident.
* * * LOW HITPOINT WARNING * * *
The orc priest calls upon Beogh to heal the orc priest.
The orc priest is healed somewhat.
The orc hits you but does no damage.
A kobold comes into view. It is wielding a +0 short sword.
No path to travel!
You are too injured to fight recklessly!
No path to travel!
You are too injured to fight recklessly!
You are too injured to fight recklessly!
You closely miss the orc priest.
The orc priest is severely wounded.
The orc priest invokes the aid of Beogh against you.
Beogh smites you!
You die...

#### ######### #..
#.......######.#
#.#####.....##o####
#.# #####...@ooo#
#.# ####o##K# ##.##
#.# #...# #.. #...#
#.## #...# #.#
##.## #.# #.# #..
#.#


You could see 2 orc priests, 3 orcs and a kobold.

Vanquished Creatures
  Crazy Yiuf (D:2)
  Terence (D:2)
  Robin (D:2)
  2 adders (D:3)
  A worm (D:2)
  3 dart slugs (D:2)
  A leopard gecko (D:1)
  11 bats
  3 giant cockroaches (D:1)
  11 goblins
  9 hobgoblins
  6 jackals (D:2)
  2 quokkas
  A ball python (D:1)
  5 frilled lizards
  4 kobolds
  5 rats
67 creatures vanquished.

Notes
Turn   | Place    | Note
-------+----------+-------------------------------------------
     0 | D:1      | Morbidden the Ent Archaeologist began the quest for the
                  | Orb.
     0 | D:1      | Reached XP level 1. HP: 21/21 MP: 1/1
   143 | D:1      | Reached XP level 2. HP: 29/29 MP: 2/2
   768 | D:2      | Reached XP level 3. HP: 36/36 MP: 3/3
   783 | D:2      | Noticed Robin
   834 | D:2      | Killed Robin
  1096 | D:2      | Reached skill level 1 in Short Blades
  1327 | D:2      | Reached XP level 4. HP: 43/44 MP: 4/4
  1515 | D:2      | Found a runed door.
  1770 | D:2      | Found a hide-covered altar of Uskayaw.
  1916 | D:2      | Noticed Terence
  1966 | D:2      | Killed Terence
  2264 | D:2      | Noticed Crazy Yiuf
  2265 | D:2      | Killed Crazy Yiuf
  2266 | D:2      | Reached XP level 5. HP: 53/53 MP: 5/5
  2266 | D:2      | Identified a scroll of acquirement
  2272 | D:2      | Identified the +11 short sword of the Shimmering Fulmar
                  | {pierce, rN+ MR+ Int-4 Dex+4} (You acquired it on level 2
                  | of the Dungeon)
  2272 | D:2      | Identified the +0 medium shield of Tenacity {Dex+2} (You
                  | acquired it on level 2 of the Dungeon)
  2272 | D:2      | Identified the ring of Gef Rij {Wiz Str-5 Dex+4 Slay+3}
                  | (You acquired it on level 2 of the Dungeon)
  2495 | D:3      | Killed from afar by an orc priest

Skill      XL: |  1  2  3  4 |
---------------+-------------+-----
Stealth        | 4 |  4.6
Dodging        | 3 4 |  4.1
Short Blades   | 1 |  1.6
Fighting       | |  1.9
Maces & Flails | |  1.4
Staves         | |  0.1

Action                   |  1- 3 |  4- 6 || total
-------------------------+-------+-------++-------
Melee: Whip              |    40 |       ||    40
       Dagger            |   159 |   127 ||   286
       Quarterstaff      |       |    38 ||    38
Throw: Large rock        |       |     1 ||     1
  Use: Potion            |     1 |       ||     1
       Scroll            |       |     1 ||     1
 Stab: Sleeping          |    10 |     1 ||    11
  Eat: Chunk             |     6 |     8 ||    14
Armor: Skin              |   166 |   104 ||   270
Dodge: Dodged            |   187 |   126 ||   313
